 Dungeon Sprint DCSS version 0.30-a0-629-gd54f4be4f7 (webtiles) character file.

Game seed: 15263003694178843435

108 BigDaddyOpFi the Trooper (level 4, -2/45 HPs)
             Began as a Minotaur Berserker on Jan 12, 2023.
             Was a Believer of Trog.
             Slain by a water elemental (15 damage)
             ... in the Dungeon (Sprint III: "The Ten Rune Challenge").
             The game lasted 00:00:30 (324 turns).

BigDaddyOpFi the Trooper (Minotaur Berserker)        Turns: 324, Time: 00:00:31

Health: -2/45      AC:  2    Str: 23    XL:     4   Next: 58%
Magic:  3/3        EV: 13    Int:  4    God:    Trog [**....]
Gold:   0          SH:  0    Dex: 10    Spells: 3/3 levels left

rFire   . . .      SeeInvis .    a - +0 hand axe
rCold   . . .      Faith    .    (no shield)
rNeg    . . .      Spirit   .    b - +0 animal skin
rPois   .          Reflect  .    (helmet restricted)
rElec   .          Harm     .    (no cloak)
rCorr   .          Rampage  .    (no gloves)
Will    .....      NoTele   +    (no boots)
Stlth   +                        (no amulet)
HPRegen 0.27/turn                (no ring)
MPRegen 0.08/turn                (no ring)

@: engulfed (cannot breathe), hasted, very quick
A: horns 2, retaliatory headbutt
a: Renounce Religion, Berserk, Trog's Hand


You were in the Dungeon.
You worshipped Trog.
Trog was pleased with you.
You visited 1 branch

Inventory:

Hand Weapons
 a - a +0 hand axe (weapon)
Armour
 b - a +0 animal skin (worn)
Scrolls
 h - a scroll of blinking
Potions
 f - 2 potions of magic
 g - a potion of berserk rage


   Skills:
 + Level 6.5 Fighting
 + Level 6.5 Axes
 + Level 6.0 Armour
 + Level 5.4 Dodging


You had 3 spell levels left.
You didn't know any spells.
Your spell library was empty.

Dungeon Overview and Level Annotations

Branches:
Dungeon (1/1)

Altars:


Innate Abilities, Weirdness & Mutations

You have a pair of horns on your head.
You reflexively headbutt those who attack you in melee.


Message History

You start waiting.
You feel yourself speed up. As you open the door, it creaks loudly!
A water elemental comes into view.
A water elemental is nearby!
A water elemental is nearby!
A water elemental is nearby!
The water elemental hits you!
The water elemental engulfs you in water!
There is an open door to the Ecumenical Temple, spattered with blood here.
You're still recovering from your berserk rage.
Your magic is already full.
You feel yourself speed up.
Your lungs strain for air!
The water elemental hits you!!
* * * LOW HITPOINT WARNING * * *
You feel much better.
Your lungs strain for air!
The water elemental barely misses you.
You feel better.
Your lungs strain for air!
The water elemental closely misses you. You furiously retaliate!
You headbutt the water elemental!
You hit the water elemental but do no damage.
The water elemental is moderately damaged.
Your lungs strain for air!
You hit the water elemental.
The water elemental is heavily damaged.
Your lungs strain for air!
The water elemental closely misses you.
You hit the water elemental.
The water elemental is heavily damaged.
You recover from your berserk rage.
Your lungs strain for air!
You hit the water elemental.
The water elemental is severely damaged.
* * * LOW HITPOINT WARNING * * *
Your lungs strain for air!
The water elemental hits you!
You die...

▓▓▓▓▓▓▓ ▓▓▓ ..#)..####
##.# ..#......## #..#
.##...)...# #..#
#.##.##...# #..###+#+##
#.##.###..# +#..#.......
.####.##..# #...@.⌠.....
###..##..####...#E..####
.....##..###....#.⌠.#
##..##...##.....#...#
#..##....#..†...#+###
..###..##.#.....# [.#
#.. ####....# ▓▓▓ ▓▓▓
▓▓▓▓▓▓


You could see a water elemental.

Vanquished Creatures
  A scorpion (D)
  Jessica (D)
  A human (D)
  An endoplasm (D)
  2 rats (D)
6 creatures vanquished.

Notes
Turn   | Place    | Note
-------+----------+-------------------------------------------
     0 | D        | BigDaddyOpFi the Minotaur Berserker began the quest for the
                  | Orb.
     0 | D        | Reached XP level 1. HP: 19/19 MP: 0/0
    42 | D        | Noticed Jessica
    48 | D        | Killed Jessica
    48 | D        | Reached ** piety under Trog
    49 | D        | Reached skill level 5 in Fighting
    49 | D        | Reached skill level 5 in Axes
    49 | D        | Reached XP level 2. HP: 29/29 MP: 1/1
   271 | D        | Reached XP level 3. HP: 36/36 MP: 2/2
   276 | D        | Noticed a scorpion
   278 | D        | Killed a scorpion
   279 | D        | Reached skill level 5 in Armour
   279 | D        | Reached skill level 5 in Dodging
   279 | D        | Reached XP level 4. HP: 44/44 MP: 3/3
   316 | D        | Noticed a water elemental
   324 | D        | Slain by a water elemental

Illustrated notes

Levels and vault maps discovered:
D:        dungeon_sprint_mu [sprint_mu_entry_cave, sprint_mu_temple_rooms,
          sprint_mu_d1_horrors, sprint_mu_d2_genie, sprint_mu_d3_branching,
          sprint_mu_orc_legion, sprint_mu_elf_gauntlet, sprint_mu_hive_nellie,
          sprint_mu_lair_fedhas, sprint_mu_vaults_butterflies,
          sprint_mu_slime_circle, sprint_mu_swamp_cave, sprint_mu_shoals_kraken,
          sprint_mu_blade_basic, sprint_mu_crypt_chambers,
          sprint_mu_tomb_spiral, sprint_mu_vestibule_basic,
          sprint_mu_gehenna_hellfire, sprint_mu_dis_giant,
          sprint_mu_tartarus_statrot, sprint_mu_cocytus_islands, sprint_mu_zot1]

Skill      XL: |  1  2  3  4 |
---------------+-------------+-----
Fighting       | 5 6 |  6.5
Axes           | 5 6 |  6.5
Armour         | 4 5 6 |  6.0
Dodging        | 3 5 |  5.4

Action                   |  1- 3 |  4- 6 || total
-------------------------+-------+-------++-------
Melee: Hand axe          |     6 |     7 ||    13
       Headbutt          |     1 |     1 ||     2
Invok: Berserk           |     2 |       ||     2
  Use: Potion            |       |     3 ||     3
Dodge: Dodged            |     4 |     4 ||     8

Table legend: (Time is in decaauts)
 A = Elapsed time spent in this place.
 B = Non-inter-level travel time spent in this place.
 C = Inter-level travel time spent in this place.
 D = Time resting spent in this place.
 E = Time spent auto-exploring this place.
 F = Levels seen in this place.
 G = Mean time per level.
                   A        B        C        D        E       F      G
               +--------+--------+--------+--------+--------+-----+--------+
         Total |    346 |    346 |      0 |    266 |     50 |   1 |  346.0 |
       Dungeon |    346 |    346 |      0 |    266 |     50 |   1 |  346.0 |
               +--------+--------+--------+--------+--------+-----+--------+

Top non-repeatable levels by time:
       D: 346 daAuts
